 Dungeon Sprint DCSS version 0.17-a0-1446-gc28613e (webtiles) character file.

1060 hexophile the Arsonist (level 8, -4/64 HPs)
             Began as a Naga Fire Elementalist on June 28, 2015.
             Was an Elder of Cheibriados.
             Slain by an eight-headed hydra (12 damage)
             ... in the Dungeon (Sprint IX: "|||||||||||||||||||||||||||||").
             The game lasted 00:07:09 (471 turns).

hexophile the Arsonist (Naga Fire Elementalist)      Turns: 471, Time: 00:07:09

Health: -4/64      AC:  7    Str: 21    XL:     8   Next: 27%
Magic:  12/20      EV: 10    Int: 28    God:    Cheibriados [****..]
Gold:   0          SH:  0    Dex: 22    Spells: 4 memorised, 10 levels left

rFire  + . .     SeeInvis +     n - +2 halberd (venom)
rCold  . . .     Clarity  +     (no armour)
rNeg   . . .     SustAt   .     (no shield)
rPois  +         Gourm    .     (no helmet)
rElec  .         Spirit   .     p - +0 cloak
rCorr  .         Warding  .     o - +0 pair of gloves
rMut   .         NoTele   +     (no barding)
MR     +....                    (no amulet)
Stlth  +++.......               s - +3 ring of strength
                                r - +2 ring of protection

@: very slightly contaminated, very slow, somewhat resistant to hostile
enchantments, fairly stealthy
A: see invisible, clarity, deformed body, fire resistance 1, poison resistance,
slowness 2, slow metabolism 1, spit poison 3, weak 1, wild magic 1, AC +2
a: Breathe Poison Gas, Bend Time, Temporal Distortion, Slouch, Renounce Religion


You were in the Dungeon.
You worshipped Cheibriados.
Cheibriados was greatly pleased with you.
You were not hungry.

You visited 1 branch

Inventory:

Hand weapons
 n - a +2 halberd of venom (weapon)
Armour
 a - a +0 robe
 o - a +0 pair of gloves (worn)
 p - a +0 cloak (worn)
 q - a +0 plate armour
Jewellery
 r - a +2 ring of protection (left hand)
 s - a +3 ring of strength (right hand)
Magical devices
 d - a wand of fire (0)
Scrolls
 j - 3 scrolls of remove curse
 l - 2 scrolls of amnesia
 m - a scroll of blinking
Potions
 e - a potion of invisibility
 f - 2 potions of heal wounds
 g - 3 potions of magic
 h - a potion of berserk rage
 i - 4 potions of curing
Books
 b - a book of Flames

   Spells                             Type                      Level
   a - Flame Tongue                   Conjuration/Fire             1
   b - Throw Flame                    Conjuration/Fire             2
   c - Conjure Flame                  Conjuration/Fire             3
   d - Inner Flame                    Hexes/Fire                   3
   e - Sticky Flame                   Conjuration/Fire             4
   f - Fireball                       Conjuration/Fire             5
Comestibles
 c - a bread ration


   Skills:
 - Level 1.6 Fighting
 - Level 0.4 Polearms
 * Level 5.4 Armour
 - Level 1.5 Dodging
 - Level 3.0 Stealth
 - Level 0.4 Unarmed Combat
 * Level 8.1 Spellcasting
 * Level 6.1 Conjurations
 * Level 12.3 Fire Magic
 - Level 2.0 Evocations


You had 10 spell levels left.
You knew the following spells:

 Your Spells              Type           Power        Failure   Level  Hunger
a - Flame Tongue          Conj/Fire      #####        1%          1    None
b - Conjure Flame         Conj/Fire      #######.     2%          3    None
c - Sticky Flame          Conj/Fire      #######.     4%          4    ##.....
d - Fireball              Conj/Fire      #######...   9%          5    ####...


Dungeon Overview and Level Annotations

Branches:
Dungeon (1/1)

Altars:
Cheibriados
Dithmenos
Elyvilon
Fedhas
Gozag
Kikubaaqudgha
Makhleb
Nemelex Xobeh
Okawaru
Qazlal
Ru
Sif Muna
Trog
Vehumet
Xom
Yredelemnul
Zin
The Shining One
Beogh
Jiyva
Lugonu


Innate Abilities, Weirdness & Mutations

You cannot wear boots.
Your serpentine skin is tough (AC +2).
You have supernaturally acute eyesight.
Armour fits poorly on your strangely shaped body.
Your system is resistant to poisons.
You cover ground very slowly.
You have a slow metabolism.
You can exhale a cloud of poison.
You possess an exceptional clarity of mind.
Your flesh is heat resistant.
You are weak. (Str -2)
Your spells are a little harder to cast, but a little more powerful.


Message History

Casting: Sticky Flame
Confirm with . or Enter, or press ? or * to list all spells.
Aiming: Sticky Flame
Press: ? - help, Shift-Dir - straight line, f - eight-headed hydra, p - iguana
Aim: an eight-headed hydra (lightly wounded)
The sticky flame hits the eight-headed hydra.
The eight-headed hydra is moderately wounded.
The eight-headed hydra is covered in liquid flames!
The eight-headed hydra burns!
The iguana burns!
You kill the iguana!
Cheibriados thoroughly appreciates the change of pace.
Cheibriados raises the support of your attributes as your movement slows.
The eight-headed hydra bites you. The eight-headed hydra bites you!
The eight-headed hydra bites you. The eight-headed hydra bites you!
The eight-headed hydra closely misses you.
The eight-headed hydra bites you!
* * * LOW HITPOINT WARNING * * *
The eight-headed hydra bites you but does no damage.
The eight-headed hydra bites you!
You die...

▓.▓
▓.▓
▓Y▓
▓5▓
▓§▓
▓.▓
▓D▓
▓@▓
▓.▓
▓)▓
▓.▓
▓.▓
▓.▓
▓)▓
▓)▓
▓.▓


You could see an eight-headed hydra (burning), a sky beast (invisible) and a
quasit.

Vanquished Creatures
  A hill giant (D)
  A hippogriff (D)
  A hungry ghost (D)
  An orc warrior (D)
  A sky beast (D)
  A centaur (D)
  A giant frog (D)
  A wight (D)
  An iguana (D)
  An adder (D)
  A hobgoblin (D)
  A jackal (D)
  A ball python (D)
  2 bats (D)
  A goblin (D)
  A kobold (D)
  2 quokka skeletons (D)
19 creatures vanquished.

Vanquished Creatures (others)
  A spatial maelstrom (D)
1 creature vanquished.

Grand Total: 20 creatures vanquished

Notes
Turn   | Place    | Note
--------------------------------------------------------------
     0 | D        | hexophile the Naga Fire Elementalist began the quest for the Orb.
     0 | D        | Reached XP level 1. HP: 15/15 MP: 3/3
    15 | D        | Banished a spatial maelstrom
   224 | D        | Noticed a sky beast
   224 | D        | Noticed a centaur
   232 | D        | Found a glowing silver altar of Zin.
   232 | D        | Found a glowing golden altar of the Shining One.
   232 | D        | Found an ancient bone altar of Kikubaaqudgha.
   232 | D        | Found a basalt altar of Yredelemnul.
   232 | D        | Found a shimmering altar of Xom.
   232 | D        | Found a radiant altar of Vehumet.
   233 | D        | Found an iron altar of Okawaru.
   234 | D        | Found a burning altar of Makhleb.
   235 | D        | Found a deep blue altar of Sif Muna.
   236 | D        | Found a bloodstained altar of Trog.
   237 | D        | Found a sparkling altar of Nemelex Xobeh.
   238 | D        | Found a white marble altar of Elyvilon.
   239 | D        | Found a roughly hewn altar of Beogh.
   240 | D        | Found a viscous altar of Jiyva.
   242 | D        | Found a corrupted altar of Lugonu.
   243 | D        | Found a blossoming altar of Fedhas.
   244 | D        | Found a snail-covered altar of Cheibriados.
   245 | D        | Found a shadowy altar of Dithmenos.
   246 | D        | Found a stormy altar of Qazlal.
   247 | D        | Found an opulent altar of Gozag.
   248 | D        | Found a sacrificial altar of Ru.
   263 | D        | Reached skill level 1 in Armour
   263 | D        | Reached skill level 4 in Fire Magic
   263 | D        | Reached XP level 2. HP: 19/22 MP: 3/5
   264 | D        | Killed a sky beast
   264 | D        | Reached skill level 7 in Fire Magic
   264 | D        | Reached XP level 3. HP: 12/30 MP: 3/8
   264 | D        | Reached XP level 4. HP: 14/37 MP: 3/10
   265 | D        | Killed a centaur
   265 | D        | Reached skill level 1 in Fighting
   265 | D        | Reached skill level 5 in Spellcasting
   265 | D        | Reached skill level 8 in Fire Magic
   265 | D        | Reached XP level 5. HP: 16/44 MP: 3/12
   314 | D        | Gained mutation: You are weak. (Str -2) [mutagenic meat]
   315 | D        | Gained mutation: You can exhale a cloud of poison. [mutagenic meat]
   316 | D        | Gained mutation: Your spells are a little harder to cast, but a little more powerful. [mutagenic meat]
   317 | D        | Gained mutation: You possess an exceptional clarity of mind. [mutagenic meat]
   318 | D        | Gained mutation: Your flesh is heat resistant. [mutagenic meat]
   325 | D        | Became a worshipper of Cheibriados the Contemplative
   394 | D        | Learned a level 3 spell: Conjure Flame
   399 | D        | Learned a level 4 spell: Sticky Flame
   405 | D        | Learned a level 5 spell: Fireball
   433 | D        | Noticed a hippogriff
   433 | D        | Noticed a wight
   433 | D        | Noticed a giant frog
   433 | D        | Noticed a hungry ghost
   433 | D        | Noticed a hill giant
   435 | D        | Acquired Cheibriados's first power
   437 | D        | Killed a hill giant
   437 | D        | Reached skill level 5 in Conjurations
   437 | D        | Reached skill level 11 in Fire Magic
   437 | D        | Reached skill level 1 in Evocations
   437 | D        | Reached XP level 6. HP: 51/51 MP: 5/16
   437 | D        | Reached XP level 7. HP: 57/57 MP: 5/17
   439 | D        | Killed a wight
   440 | D        | Killed a hungry ghost
   441 | D        | Killed a giant frog
   441 | D        | Acquired Cheibriados's second power
   442 | D        | Killed a hippogriff
   442 | D        | Reached skill level 5 in Armour
   442 | D        | Reached skill level 12 in Fire Magic
   442 | D        | Reached XP level 8. HP: 64/64 MP: 6/19
   461 | D        | Noticed an eight-headed hydra
   461 | D        | Noticed a sky beast
   461 | D        | Noticed a quasit
   461 | D        | Noticed an orc warrior
   461 | D        | Noticed an iguana
   463 | D        | Acquired Cheibriados's third power
   469 | D        | Killed an orc warrior
   471 | D        | Killed an iguana
   471 | D        | Slain by an eight-headed hydra

Vault maps used:
D:        linesprint

Action                   |  1- 3 |  4- 6 |  7- 9 || total
-------------------------+-------+-------+-------++-------
Melee: Unarmed           |     6 |       |       ||     6
       Club              |       |     3 |       ||     3
       Halberd           |       |       |     2 ||     2
 Cast: Flame Tongue      |     3 |     2 |       ||     5
       Sticky Flame      |       |     1 |     2 ||     3
       Conjure Flame     |       |     1 |     1 ||     2
 Abil: Spit Poison       |     1 |     1 |       ||     2
Evoke: Wand              |     1 |     3 |     3 ||     7
  Use: Potion            |     3 |       |     1 ||     4
       Scroll            |     1 |       |       ||     1
  Eat: Chunk             |       |     5 |       ||     5
